 Dungeon Crawl Stone Soup version 0.23.0-3-gf3c87f2 (webtiles) character file.

Game seed: 17820730257059358508

44 inmateoo the Vandal (level 3, 0/24 HPs)
             Began as a Halfling Hunter on Feb 21, 2019.
             Slain by an adder (3 damage)
             ... on level 3 of the Dungeon.
             The game lasted 00:02:08 (2138 turns).

inmateoo the Vandal (Halfling Hunter)               Turns: 2138, Time: 00:02:08

Health: 0/24       AC:  4    Str: 10 (13) XL:     3   Next: 87%
Magic:  3/3        EV: 14    Int:  6 (9)  God:
Gold:   128        SH:  0    Dex: 13 (15) Spells: 2/2 levels left

rFire    . . .     SeeInvis .   p - +0 spear (curse)
rCold    . . .     Gourm    .   (shield restricted)
rNeg     . . .     Faith    .   c - +1 leather armour
rPois    .         Spirit   .   (no helmet)
rElec    .         Reflect  .   (no cloak)
rCorr    +         Harm     .   (no gloves)
MR       .....                  (no boots)
Stlth    +.........             (no amulet)
HPRegen  0.08/turn              j - -2 ring of slaying (curse)
MPRegen  0.08/turn              l - ring of resist corrosion

@: lethally poisoned (0 -> -6)
A: small, mutation resistance 1
a: no special abilities


You were on level 3 of the Dungeon.
You were not hungry.

You visited 1 branch of the dungeon, and saw 3 of its levels.

You collected 128 gold pieces.

Inventory:

Hand Weapons
 a - a +2 hunting sling
 b - a +0 short sword
 p - a cursed +0 spear (weapon)
Missiles
 d - 17 sling bullets
 m - 63 stones (quivered)
Armour
 c - a +1 leather armour (worn)
Jewellery
 j - a cursed -2 ring of slaying (left hand)
 l - a ring of resist corrosion (right hand)
Scrolls
 e - 2 scrolls of identify
 i - 2 scrolls of enchant armour
 k - 2 scrolls of immolation
Potions
 h - a potion of might
Comestibles
 f - 3 rations


   Skills:
 + Level 2.1 Fighting
 + Level 1.1 Short Blades
 * Level 6.5 Slings
 + Level 1.2 Armour
 + Level 2.6 Dodging
 - Level 1.1 Stealth


You had 2 spell levels left.
You didn't know any spells.
Your spell library was empty.

Dungeon Overview and Level Annotations

Branches:
Dungeon (3/15)

Altars:
Hepliaklqana
Makhleb
Wu Jian


Innate Abilities, Weirdness & Mutations

You are small and have problems with some larger weapons.
You are somewhat resistant to further mutation.


Message History

You feel sick. The adder misses you.
You feel sick. The adder bites you.
You feel sick. The adder closely misses you.
A quokka comes into view.
The adder bites you.
* * * LOW HITPOINT WARNING * * *
You are lethally poisoned!
The adder poisons you!
* * * LOW HITPOINT WARNING * * *
You feel sick.
* * * LOW HITPOINT WARNING * * *
You feel sick.
It was a potion of degeneration.
There was something very wrong with that liquid.
You feel weakened.
You feel dopey.
You feel clumsy. The adder bites you.
You die...

#.#####.#............
.............)=(....
##..##.............
##..#...#...........
#..#..####..........
#..## ##........# . #.##
###g....(.#
....##.######.S.......#
.............<@#........
.........#######........
......##.. ....r....
...... #### #........
...... ###...... ).[..
..<... ##... .....


You could see an adder and a hobgoblin.

Vanquished Creatures
  An adder (D:2)
  An ooze (D:3)
  A dart slug (D:2)
  A leopard gecko (D:2)
  A giant cockroach (D:1)
  3 goblins
  2 hobgoblins (D:1)
  4 jackals (D:1)
  A ball python (D:2)
  6 bats
  5 frilled lizards
  A kobold (D:1)
  2 rats (D:2)
29 creatures vanquished.

Notes
Turn   | Place    | Note
-------+----------+-------------------------------------------
     0 | D:1      | inmateoo the Halfling Hunter began the quest for the Orb.
     0 | D:1      | Reached XP level 1. HP: 14/14 MP: 1/1
   172 | D:1      | Reached skill level 6 in Slings
   179 | D:1      | Reached XP level 2. HP: 7/19 MP: 2/2
  1130 | D:2      | Reached XP level 3. HP: 11/24 MP: 3/3
  1139 | D:2      | Reached skill level 1 in Short Blades
  1139 | D:2      | Reached skill level 1 in Armour
  1162 | D:2      | HP: 1/24 [poisoned by an adder]
  1455 | D:2      | Found a hazy altar of Hepliaklqana.
  1458 | D:2      | Found an ornate altar of the Wu Jian Council.
  1458 | D:2      | Found a burning altar of Makhleb.
  2138 | D:3      | Slain by an adder

Skill      XL: |  1  2  3 |
---------------+----------+-----
Slings         | 6 |  6.5
Fighting       | 2 |  2.1
Short Blades   | 1 |  1.1
Armour         | 1 |  1.2
Dodging        | |  2.6
Stealth        | |  1.1

Action                   || total
-------------------------++-------
Melee: Short sword       ||    77
       Spear             ||    40
 Fire: Hunting sling     ||    10
  Use: Scroll            ||     6
       Potion            ||     1
 Stab: Sleeping          ||     5
  Eat: Chunk             ||     4
Armor: Leather armour    ||    35
Dodge: Dodged            ||   106
